 Dungeon Crawl Stone Soup version 0.29.1-15-g9cfb28693d (webtiles) character file.

Game seed: 738508943010149605

61 hawla the Firebug (level 4, -6/33 HPs)
             Began as a Meteoran Fire Elementalist on Mar 14, 2023.
             Killed from afar by Ijyb (8 damage)
             ... with an iceblast
             ... on level 4 of the Dungeon on Mar 15, 2023.
             The game lasted 00:03:18 (385 turns).

hawla the Firebug (Meteoran Fire Elementalist)       Turns: 385, Time: 00:03:19

Health: -6/33      AC:  2    Str:  9    XL:     4   Next: 51%
Magic:  6/10       EV: 13    Int: 18    God:
Gold:   34         SH:  0    Dex: 15    Spells: 0/9 levels left

rFire   . . .      SeeInvis .   c - +1 spear (venom)
rCold   . . .      Faith    .   (no shield)
rNeg    . . .      Spirit   .   a - +0 robe
rPois   .          Reflect  .   (no helmet)
rElec   .          Harm     .   (no cloak)
rCorr   .          Rampage  .   (no gloves)
Will    .....                   (no boots)
Stlth   +.........              (no amulet)
HPRegen 0.11/turn               (no ring)
MPRegen 0.12/turn               (no ring)

@: glowing
A: sense surroundings 1, otherworldly, glowing, explore regen, hooves 1
a: no special abilities


You were on level 4 of the Dungeon.
You visited 1 branch of the dungeon, and saw 4 of its levels.

You collected 34 gold pieces.

Inventory:

Hand Weapons
 c - a +1 spear of venom (weapon)
Armour
 a - a +0 robe (worn)
Jewellery
 d - an amulet of magic regeneration
Potions
 b - a potion of magic


   Skills:
 - Level 0.1 Fighting
 - Level 0.2 Polearms
 - Level 2.7 Dodging
 - Level 1.4 Stealth
 - Level 3.4 Spellcasting
 + Level 3.0 Conjurations
 - Level 4.2 Fire Magic


You couldn't memorise any spells.
You knew the following spells:

 Your Spells              Type           Power      Damage    Failure   Level
a - Foxfire               Conj/Fire      64%        2x1d7     3%          1
b - Scorch                Fire           36%        2d6       4%          2
c - Searing Ray           Conj           26%        2d5       7%          2
d - Flame Wave            Conj/Fire      16%        2d7       34%         4

Your spell library contained the following spells:

 Spells                   Type           Power      Damage    Failure   Level
 Magic Dart               Conj           52%        1d5       4%          1
 Conjure Flame            Conj/Fire      16%        6-21      11%         3
 Inner Flame              Hex/Fire       10%        N/A       21%         3
 Fulminant Prism          Conj/Hex       4%         3d6       63%         4


Dungeon Overview and Level Annotations

Branches:
Dungeon (4/15) Zot: 2014
 Temple: D:4-7

Altars:

Shops:
D:2 :

Annotations:
D:4 Dowan, Duvessa, Ijyb


Innate Abilities, Weirdness & Mutations

You passively map a small area around you.
You are easily found by Zot.
You glow in the dark.
You regain HP and MP as you explore.
You have large cloven feet.


Message History

Your Conjurations skill increases to level 3!
Your Fire Magic skill increases to level 4!
You have reached level 4!
Okay, then.
This spell is extremely dangerous to cast!
Memorise Flame Wave, consuming 4 spell levels and leaving 0?
Your foxfire dissipates!
You start memorising the spell.
You continue memorising. x4
You finish memorising.
Spell assigned to 'd'.
You start waiting.
Magic restored.
You feel your willpower return.
Ijyb the Twisted Goblin comes into view.
She is wielding a +0 club and carrying a wand of iceblast (8).
Ijyb shouts!
Casting: Scorch (safe; 4% risk of failure)
Confirm with . or Enter, or press ? or * to list all spells.
You conjure some foxfire!
The foxfire hits Ijyb.
Ijyb is moderately wounded.
Casting: Foxfire (safe; 3% risk of failure)
Confirm with . or Enter, or press ? or * to list all spells.
You conjure some foxfire!
The foxfire hits Ijyb.
Ijyb is moderately wounded.
Ijyb zaps a wand.
The mass of ice explodes!
The iceblast engulfs your foxfire! x2
The iceblast engulfs you!
* * * LOW HITPOINT WARNING * * *
You hear a shout!
It was a potion of mutation.
You feel extremely strange.
Your feet thicken and deform.
The foxfire hits Ijyb but does no damage.
Ijyb is moderately wounded.
The foxfire hits Ijyb!
Ijyb is heavily wounded.
Casting: Foxfire (safe; 3% risk of failure)
Confirm with . or Enter, or press ? or * to list all spells.
Flames lash Ijyb.
Ijyb is severely wounded.
Ijyb's fire resistance burns away.
Ijyb zaps a wand.
The mass of ice explodes!
The iceblast engulfs you!
You die...

* * , , *
#########
........###
* ,
........§@#
#######§#§#
, #.#§#
#.#g# ,
#.#.# #.#.#
#.#.# *
#.#.# * #.#


You could see Ijyb (combustible).

Vanquished Creatures
  A hound (D:4)
  2 adders (D:3)
  A ball python (D:4)
  An endoplasm (D:1)
  2 giant cockroaches (D:3)
  A goblin (D:2)
  2 quokkas
  A bat (D:3)
  2 kobolds
  2 rats (D:3)
15 creatures vanquished.

Vanquished Creatures (others)
  25 foxfires
25 creatures vanquished.

Grand Total: 40 creatures vanquished

Notes
Turn   | Place    | Note
-------+----------+-------------------------------------------
     0 | D:1      | hawla the Meteoran Fire Elementalist began the quest for
                  | the Orb.
     0 | D:1      | Reached XP level 1. HP: 14/14 MP: 5/5
    67 | D:2      | Found Eghoill's Vocational Training.
    86 | D:3      | Reached XP level 2. HP: 20/20 MP: 4/6
    89 | D:3      | Learned a level 2 spell: Scorch
   105 | D:3      | Learned a level 2 spell: Searing Ray
   259 | D:3      | Reached XP level 3. HP: 26/26 MP: 1/8
   309 | D:4      | Noticed Duvessa
   309 | D:4      | Noticed Dowan
   310 | D:4      | Noticed an ogre
   335 | D:4      | Reached skill level 4 in Fire Magic
   335 | D:4      | Reached XP level 4. HP: 10/33 MP: 5/10
   340 | D:4      | Learned a level 4 spell: Flame Wave
   376 | D:4      | Noticed Ijyb
   384 | D:4      | Gained mutation: You have large cloven feet. [potion of
                  | mutation]
   385 | D:4      | Killed from afar by Ijyb

Illustrated notes

Levels and vault maps discovered:
D:1:      tarquinn_simple_flora_water_f, layout_basic,
          shapermc_ecumenical_altar_rom_forum
D:2:      minmay_razor_zed, layout_basic, serial_forest,
          infiniplex_forest_clump_diagonal, infiniplex_forest_end_1,
          infiniplex_forest_lined_3, infiniplex_forest_pool,
          infiniplex_forest_lined_4_way, infiniplex_forest_corner_1,
          serial_shops, shop, nicolae_shop_vocational
D:3:      layout_rooms
D:4:      layout_loops_ring, uniq_ijyb, uniq_duvessa

Skill      XL: |  1  2  3 |
---------------+----------+-----
Spellcasting   | 3 |  3.4
Conjurations   | 2 3 |  3.0
Fire Magic     | 4 |  4.2
Fighting       | |  0.1
Polearms       | |  0.2
Dodging        | |  2.7
Stealth        | |  1.4

Action                   |  1- 3 |  4- 6 || total
-------------------------+-------+-------++-------
Melee: Spear             |     9 |       ||     9
       Unarmed           |     1 |       ||     1
 Cast: Foxfire           |    12 |     2 ||    14
       Searing Ray       |     3 |       ||     3
       Scorch            |     1 |     1 ||     2
  Use: Scroll            |     3 |       ||     3
       Potion            |     1 |     1 ||     2
Armor: Robe              |     4 |       ||     4
Dodge: Dodged            |     5 |       ||     5
